 Dungeon Sprint DCSS version 0.31-a0-536-ga3e2962e35 (webtiles) character file.

Game seed: 13359462182479205161

5110 Conn the Arsonist (level 10, -6/63 HPs)
             Began as an Octopode Fire Elementalist on Aug 13, 2023.
             Was a High Priest of Sif Muna.
             Killed from afar by a catoblepas (8 damage)
             ... with a blast of calcifying dust
             ... in the Dungeon (Sprint IX: "|||||||||||||||||||||||||||||").
             The game lasted 00:10:43 (1005 turns).

Conn the Arsonist (Octopode Fire Elementalist)      Turns: 1005, Time: 00:10:43

Health: -6/63      AC:  1    Str:  8    XL:     10   Next: 57%
Magic:  17/26      EV: 17    Int: 24    God:    Sif Muna [*****.]
Gold:   9          SH:  0    Dex: 13    Spells: 10/34 levels left

rFire   . . .        l - +4 halberd (protect)
rCold   . . .        (shield currently unavailable)
rNeg    + . .        (helmet restricted)
rPois   .            (no amulet)
rElec   .            j - +3 ring of intelligence
rCorr   .            k - +2 ring of evasion
SInv    .            n - ring of positive energy
Will    .....        (no ring)
Stlth   +++++        (no ring)
HPRegen 0.30/turn    (no ring)
MPRegen 0.20/turn    (no ring)
                     (no ring)

%: no teleportation
@: no status effects
A: almost no armour, amphibious, 8 rings, camouflage 1, gelatinous body 1,
(nimble swimmer 1), tentacles
a: Renounce Religion, Channel Magic, Forget Spell, Divine Exegesis


You were in the Dungeon.
You worshipped Sif Muna.
Sif Muna was extremely pleased with you.
You visited 1 branch You collected 9 gold pieces.

Inventory:

Hand Weapons
 l - a +4 halberd of protection (weapon)
Jewellery
 j - a +3 ring of intelligence (left tentacle)
 k - a +2 ring of evasion (right tentacle)
 n - a ring of positive energy (on tentacle)
Wands
 i - a wand of light (5)
Scrolls
 f - 3 scrolls of blinking
 h - 2 scrolls of amnesia
 o - 4 scrolls of enchant armour
 q - a scroll of identify
Potions
 a - 5 potions of magic
 b - 4 potions of curing
 c - 8 potions of heal wounds
 d - a potion of haste
 g - a potion of invisibility
 m - a potion of might


   Skills:
 + Level 3.5 Fighting
 + Level 4.0 Polearms
 + Level 6.5 Dodging
 - Level 7.5 Stealth
 - Level 0.3 Unarmed Combat
 * Level 12.9 Spellcasting
 * Level 9.7 Conjurations
 + Level 3.2 Hexes
 + Level 13.0 Fire Magic
 * Level 2.3 Air Magic
 * Level 2.3 Earth Magic
 * Level 7.9 Invocations
 + Level 1.2 Evocations


You had 10 spell levels left.
You knew the following spells:

 Your Spells              Type           Power      Damage    Failure   Level
a - Foxfire               Conj/Fire      100%       2x1d9     1%          1
b - Scorch                Fire           100%       2d9       1%          2
c - Inner Flame           Hex/Fire       53%        N/A       1%          3
d - Flame Wave            Conj/Fire      63%        2d15      1%          4
e - Volatile Blastmotes   Fire/Tloc      92%        2d17      1%          3
f - Arcjolt               Conj/Air       22%        1d32      9%          5
g - Leda's Unmaking       Conj/Erth      22%        9d4       45%         6

Your spell library contained the following spells:

 Spells                   Type           Power      Damage    Failure   Level
 Static Discharge         Conj/Air       88%        2-6/arc   1%          2
 Sticky Flame             Conj/Fire      63%        2d8       1%          4


Dungeon Overview and Level Annotations

Branches:
Dungeon (1/1)

Altars:
Cheibriados
Dithmenos
Elyvilon
Fedhas
Gozag
Hepliaklqana
Kikubaaqudgha
Makhleb
Nemelex Xobeh
Okawaru
Qazlal
Ru
Sif Muna
Trog
Uskayaw
Vehumet
Wu Jian
Xom
Yredelemnul
Zin
The Shining One
Jiyva
Lugonu


Innate Abilities, Weirdness & Mutations

You cannot wear most types of armour.
You are amphibious.
You can wear up to eight rings at the same time.
Your skin changes colour to match your surroundings (Stealth+).
Your rubbery body absorbs attacks. (AC +1, EV +1)
((You are camouflaged when in or above water. (Stealth+)))
You have tentacles for arms and can constrict up to eight enemies at once.


Message History

The skyshark is engulfed in blazing flames.
The catoblepas breathes a plume of calcifying dust at you.
The blast of calcifying dust hits the death yak but does no damage.
The blast of calcifying dust hits you.
* * * LOW HITPOINT WARNING * * *
You are engulfed in calcifying dust.
The death yak stops moving altogether!
The cane toad is engulfed in blazing flames.
You kill the cane toad!
Sif Muna accepts your kill.
You see here a book of Annihilations.
Sif Muna grants you a gift!
The death yak is engulfed in blazing flames.
Flame seeps out of the death yak.
Your Fire Magic skill increases to level 13!
You are engulfed in calcifying dust.
The cane toad is engulfed in blazing flames.
The death yak is engulfed in blazing flames.
Flame seeps out of the death yak.
The cane toad is engulfed in blazing flames.
You are engulfed in calcifying dust.
The cane toad is engulfed in blazing flames. x2
You turn to flesh and can move again.
Unknown command.
Okay, then.
Unknown command.
Unknown command.
You are engulfed in calcifying dust.
You feel sick.
You are no longer poisoned.
The cane toad is engulfed in blazing flames.
The catoblepas breathes a plume of calcifying dust at you.
The blast of calcifying dust hits the death yak!
Flame seeps out of the death yak.
The blast of calcifying dust hits you.
* * * LOW HITPOINT WARNING * * *
The cane toad is engulfed in blazing flames.
The death yak is engulfed in blazing flames.
Flame seeps out of the death yak.
The catoblepas breathes a plume of calcifying dust at you.
The blast of calcifying dust hits the death yak.
Flame seeps out of the death yak.
The blast of calcifying dust hits you!
You die...

▓▓▓▓▓▓▓▓▓▓▓▓▓▓▓▓▓▓▓▓▓▓▓▓▓▓▓▓▓▓▓▓▓
..)'________________________'..).
▓▓▓▓▓▓▓▓▓▓▓▓▓▓▓▓▓▓▓▓▓▓▓▓▓▓▓▓▓▓▓▓▓
.................................
▓▓▓▓▓▓▓▓▓▓▓▓▓▓▓▓▓▓▓▓▓▓▓▓▓▓▓▓▓▓▓▓▓
..[....)†÷÷..§.§@§§YYlF...
▓▓▓▓▓▓▓▓▓▓▓▓▓▓▓▓▓▓▓▓▓▓▓▓▓▓


There were no monsters in sight!

Vanquished Creatures
  A centaur warrior (D)
  2 manticores (D)
  An elephant (D)
  2 cane toads (D)
  A kobold demonologist (D)
  2 komodo dragons (D)
  2 trolls (D)
  Eustachio (D)
  3 yaks (D)
  A basilisk (D)
  An acid dragon (D)
  2 water moccasins (D)
  An orc warrior (D)
  An ogre (D)
  2 centaurs (D)
  A wolf (D)
  3 bullfrogs (D)
  An orc priest (D)
  2 adders (D)
  A gnoll (D)
  An orc (D)
  An endoplasm (D)
  A goblin (D)
  A hobgoblin (D)
  2 ball pythons (D)
37 creatures vanquished.

Vanquished Creatures (others)
  10 foxfires (D)
10 creatures vanquished.

Grand Total: 47 creatures vanquished

Notes
Turn   | Place    | Note
-------+----------+-------------------------------------------
     0 | D        | Conn the Octopode Fire Elementalist began the quest for the
                  | Orb.
     0 | D        | Reached XP level 1. HP: 11/11 MP: 3/3
    80 | D        | Noticed an ogre
    84 | D        | Reached skill level 4 in Fire Magic
    84 | D        | Reached XP level 2. HP: 17/17 MP: 3/5
    85 | D        | Reached XP level 3. HP: 21/21 MP: 4/7
    87 | D        | Reached skill level 5 in Fire Magic
    90 | D        | Killed an ogre
    91 | D        | Reached skill level 6 in Fire Magic
    91 | D        | Reached XP level 4. HP: 27/27 MP: 5/10
    91 | D        | Reached XP level 5. HP: 32/32 MP: 5/11
   170 | D        | Learned a level 2 spell: Scorch
   174 | D        | Learned a level 3 spell: Inner Flame
   179 | D        | Learned a level 4 spell: Flame Wave
   179 | D        | Found a snail-covered altar of Cheibriados.
   179 | D        | Found a shadowy altar of Dithmenos.
   179 | D        | Found a white marble altar of Elyvilon.
   179 | D        | Found a blossoming altar of Fedhas.
   179 | D        | Found an opulent altar of Gozag.
   180 | D        | Found a hazy altar of Hepliaklqana.
   181 | D        | Found a viscous altar of Jiyva.
   182 | D        | Found an ancient bone altar of Kikubaaqudgha.
   183 | D        | Found a corrupted altar of Lugonu.
   184 | D        | Found a burning altar of Makhleb.
   185 | D        | Found a sparkling altar of Nemelex Xobeh.
   186 | D        | Found an iron altar of Okawaru.
   187 | D        | Found a stormy altar of Qazlal.
   188 | D        | Found a sacrificial altar of Ru.
   189 | D        | Found a shimmering blue altar of Sif Muna.
   190 | D        | Found a bloodstained altar of Trog.
   191 | D        | Found a hide-covered altar of Uskayaw.
   192 | D        | Found a radiant altar of Vehumet.
   193 | D        | Found an ornate altar of the Wu Jian Council.
   194 | D        | Found a shimmering altar of Xom.
   195 | D        | Found a basalt altar of Yredelemnul.
   196 | D        | Found a glowing silver altar of Zin.
   197 | D        | Became a worshipper of Sif Muna the Loreminder
   198 | D        | Found a glowing golden altar of the Shining One.
   210 | D        | Learned a level 3 spell: Volatile Blastmotes
   254 | D        | Noticed a kobold demonologist
   254 | D        | Noticed a centaur
   254 | D        | Noticed a troll
   254 | D        | Noticed a troll
   254 | D        | Noticed an orc warrior
   258 | D        | Killed a centaur
   259 | D        | Reached skill level 1 in Fighting
   259 | D        | Reached skill level 5 in Stealth
   259 | D        | Reached skill level 5 in Spellcasting
   259 | D        | Reached skill level 8 in Fire Magic
   259 | D        | Reached XP level 6. HP: 38/38 MP: 3/14
   259 | D        | Killed a troll
   259 | D        | Reached * piety under Sif Muna
   260 | D        | Reached skill level 5 in Conjurations
   260 | D        | Reached skill level 9 in Fire Magic
   260 | D        | Reached XP level 7. HP: 43/44 MP: 1/17
   260 | D        | Killed a kobold demonologist
   261 | D        | Reached skill level 5 in Dodging
   261 | D        | Reached skill level 1 in Hexes
   261 | D        | Reached skill level 10 in Fire Magic
   312 | D        | Killed a troll
   313 | D        | Reached skill level 1 in Polearms
   313 | D        | Reached XP level 8. HP: 50/50 MP: 1/20
   333 | D        | Reached ** piety under Sif Muna
   438 | D        | Noticed a manticore
   438 | D        | Noticed a centaur warrior
   438 | D        | Noticed a manticore
   443 | D        | Killed a manticore
   444 | D        | Reached skill level 10 in Spellcasting
   444 | D        | Reached skill level 11 in Fire Magic
   445 | D        | Killed a centaur warrior
   445 | D        | Reached *** piety under Sif Muna
   446 | D        | Reached skill level 5 in Invocations
   446 | D        | Reached XP level 9. HP: 44/57 MP: 6/23
   451 | D        | Killed a manticore
   452 | D        | Reached skill level 12 in Fire Magic
   609 | D        | Noticed Eustachio
   616 | D        | Killed Eustachio
   705 | D        | Noticed a cane toad
   707 | D        | Reached **** piety under Sif Muna
   717 | D        | Noticed a komodo dragon
   722 | D        | Killed a cane toad
   722 | D        | Reached ***** piety under Sif Muna
   722 | D        | Received a gift from Sif Muna
   723 | D        | Reached XP level 10. HP: 14/63 MP: 18/26
   906 | D        | Got Sif Muna's Meditations on Conflict {god gift}
   922 | D        | Learned a level 5 spell: Arcjolt
   929 | D        | Learned a level 6 spell: Leda's Unmaking
   985 | D        | Noticed an elephant
   985 | D        | Noticed a cane toad
   985 | D        | Noticed a death yak
   986 | D        | Noticed a cane toad
   988 | D        | Noticed a catoblepas
   991 | D        | Reached skill level 1 in Air Magic
   991 | D        | Reached skill level 1 in Earth Magic
   992 | D        | Killed an elephant
   993 | D        | Reached skill level 1 in Evocations
   994 | D        | Noticed a skyshark
  1001 | D        | Killed a cane toad
  1001 | D        | Received a gift from Sif Muna
  1002 | D        | Reached skill level 13 in Fire Magic
  1004 | D        | HP: 2/63 [catoblepas/blast of calcifying dust (4)]
  1005 | D        | Killed from afar by a catoblepas

Illustrated notes

Levels and vault maps discovered:
D:        linesprint [early_d, line_temple, items_1, d_10, items_2, lair_1,
          lair_end, items_3, orc_1, orc_end, items_4, d_15, swamp_1, shoals_1,
          snake_1, spider_1, d_20, vaults_1, items_5, swamp_end, shoals_end,
          snake_end, spider_end, vaults_end, d_27, items_6, zot_1, zot_end,
          crypt_end, forest_end, elf_end, slime_end, tomb_end, abyss_end,
          pan_hell_end]

Skill      XL: |  1  2  3  4  5  6  7  8  9 10 |
---------------+-------------------------------+-----
Stealth        | 3 4 5 6 7 |  7.5
Fire Magic     | 4 6 8 9 10 11 12 13 | 13.0
Conjurations   | 2 3 4 5 6 8 9 |  9.7
Dodging        | 3 4 5 6 |  6.5
Spellcasting   | 4 5 7 8 10 12 | 12.9
Fighting       | 1 2 3 |  3.5
Hexes          | 1 2 3 |  3.2
Polearms       | 1 3 4 |  4.0
Invocations    | 2 5 7 |  7.9
Air Magic      | 2 |  2.3
Earth Magic    | 2 |  2.3
Evocations     | 1 |  1.2
Unarmed Combat | |  0.3

Action                     |  1- 3 |  4- 6 |  7- 9 | 10-12 || total
---------------------------+-------+-------+-------+-------++-------
  Melee: Unarmed           |    20 |     6 |       |       ||    26
         Tentacles         |     7 |       |     2 |       ||     9
         Constrict         |     2 |       |     2 |       ||     4
         Punch             |       |     1 |       |       ||     1
         Halberd           |       |       |    18 |       ||    18
   Cast: Foxfire           |     3 |       |     7 |       ||    10
         Inner Flame       |       |     2 |     4 |     3 ||     9
         Scorch            |       |     2 |     8 |     9 ||    19
         Flame Wave        |       |       |     2 |     1 ||     3
  Evoke: Wand              |       |       |     2 |     3 ||     5
    Use: Potion            |     1 |       |     2 |     1 ||     4
         Scroll            |       |       |     2 |       ||     2
   Stab: Invisible         |       |       |     2 |       ||     2
 Armour: Skin              |       |       |     2 |     2 ||     4
  Dodge: Dodged            |    11 |     4 |    22 |     4 ||    41

Table legend: (Time is in decaauts)
 A = Elapsed time spent in this place.
 B = Non-inter-level travel time spent in this place.
 C = Inter-level travel time spent in this place.
 D = Time resting spent in this place.
 E = Time spent auto-exploring this place.
 F = Levels seen in this place.
 G = Mean time per level.
                   A        B        C        D        E       F      G
               +--------+--------+--------+--------+--------+-----+--------+
         Total |   1020 |   1020 |      0 |    464 |      0 |   1 | 1020.0 |
       Dungeon |   1020 |   1020 |      0 |    464 |      0 |   1 | 1020.0 |
               +--------+--------+--------+--------+--------+-----+--------+

Top non-repeatable levels by time:
       D: 1020 daAuts
